 Dungeon Crawl Stone Soup version 0.28-a0-265-g048bc9fd10 (webtiles) character file.

Game seed: 12570260214487840053

646 desmos the Cudgeller (level 7, -11/62 HPs)
             Began as a Hill Orc Berserker on Aug 28, 2021.
             Was a Priest of Trog.
             Killed by nerve-wracking pain
             ... invoked by Menkaure
              (13 damage)
             ... on level 4 of the Dungeon.
             The game lasted 00:48:24 (4380 turns).

desmos the Cudgeller (Hill Orc Berserker)           Turns: 4380, Time: 00:48:24

Health: -11/62     AC:  2    Str: 28    XL:     7   Next: 52%
Magic:  7/7        EV: 11    Int:  7    God:    Trog [***...]
Gold:   129        SH:  0    Dex: 10    Spells: 6/6 levels left

rFire   . . .      SeeInvis .   a - +0 mace
rCold   . . .      Faith    .   (no shield)
rNeg    . . .      Spirit   .   (no armour)
rPois   .          Reflect  .   (no helmet)
rElec   .          Harm     .   u - +0 cloak
rCorr   .          Rampage  .   (no gloves)
Will    .....                   t - +0 pair of boots
Stlth   +.........              (no amulet)
HPRegen 0.20/turn               i - +6 ring of strength
MPRegen 0.10/turn               n - ring of flight

@: on berserk cooldown, flying, slowed, very slow
A: no striking features
a: Renounce Religion, Berserk, Trog's Hand


You were on level 4 of the Dungeon.
You worshipped Trog.
Trog was most pleased with you.
You visited 1 branch of the dungeon, and saw 4 of its levels.

You collected 129 gold pieces.

Inventory:

Hand Weapons
 a - a +0 mace (weapon)
 b - a +0 shortbow
 c - a +1 spear of venom
 g - a +0 giant club
Missiles
 j - 138 arrows
 k - 3 boomerangs
 p - 34 sling bullets
 q - 12 poisoned darts (quivered)
Armour
 l - a +4 ring mail of cold resistance
 t - a +0 pair of boots (worn)
 u - a +0 cloak (worn)
 v - a +2 scale mail of willpower
Jewellery
 i - a +6 ring of strength (left hand)
 m - a ring of wizardry
 n - a ring of flight (right hand)
Scrolls
 e - a scroll of brand weapon {unknown}
 h - 3 scrolls of teleportation
 w - a scroll of identify
Potions
 d - 3 potions of degeneration
 f - a potion of flight {unknown}
 o - a potion of ambrosia
 r - a potion of lignification
 s - a potion of brilliance


   Skills:
 + Level 5.9 Fighting
 * Level 7.0 Maces & Flails
 + Level 4.7 Armour
 - Level 1.5 Dodging


You had 6 spell levels left.
You didn't know any spells.
Your spell library was empty.

Dungeon Overview and Level Annotations

Branches:
Dungeon (4/15)             Temple (0/1) D:4

Altars:

Annotations:
D:4 Menkaure


Message History

You feel yourself moving faster!
You feel mighty!
You barely miss Menkaure.
Menkaure is heavily damaged.
Menkaure barely misses you.
You hit Menkaure.
Menkaure is heavily damaged.
You closely miss Menkaure.
Menkaure is heavily damaged.
Menkaure hits you!
* * * LOW HITPOINT WARNING * * *
You barely miss Menkaure.
Menkaure is heavily damaged.
You sock Menkaure!
Menkaure is almost destroyed.
Menkaure gestures wildly while chanting.
Menkaure seems to speed up.
You feel a strong urge to attack something.
You feel your anger nearly subside.
You are no longer berserk.
You are exhausted.
You feel yourself slow down.
You feel the effects of Trog's Hand fading.
Menkaure's bandages flutter.
Menkaure calls on the powers of darkness!
Your body is wracked with pain!
* * * LOW HITPOINT WARNING * * *
Menkaure casts a spell at you. You resist with almost no effort.
Your skin stops crawling.
You feel less strong-willed. Menkaure casts a spell at you.
You struggle to resist.
Menkaure hits you!
* * * LOW HITPOINT WARNING * * *
Menkaure barely misses you.
Menkaure calls on the powers of darkness!
You feel a surge of unholy energy.
Menkaure calls on the powers of darkness!
You feel a surge of unholy energy.
Menkaure points at you and mumbles some strange words.
Pain shoots through your body!
You die...

...............###...'...#
....)................'##.#
.......................#.#
............###........#.#
............# #........#.#
............# ##.).....#.#
##...)......####)#.......#
#.......#.>...#.#M#######
#.........⌠....@..#
#...............###
#.......⌠.>.⌠...#
##.##...........#
#........⌠.....#
###........#####
#........# #.<......#
#..).....#


You could see Menkaure (fast).

Vanquished Creatures
  A water moccasin (D:4)
  An ogre (D:4)
  A centaur (D:4)
  A hound (D:4)
  An orc priest (D:4)
  An iguana (D:4)
  Terence (D:3)
  Natasha (thrice) (D:2)
  4 adders
  6 gnolls
  A worm (D:4)
  5 dart slugs
  4 orcs
  7 endoplasms
  8 goblins
  5 hobgoblins
  6 jackals
  4 kobolds
  3 quokkas (D:3)
  5 ball pythons
  12 bats
  5 frilled lizards
  5 rats
90 creatures vanquished.

Notes
Turn   | Place    | Note
-------+----------+-------------------------------------------
     0 | D:1      | desmos the Hill Orc Berserker began the quest for the Orb.
     0 | D:1      | Reached XP level 1. HP: 19/19 MP: 1/1
   147 | D:1      | Reached XP level 2. HP: 27/27 MP: 2/2
   560 | D:1      | Reached skill level 4 in Maces & Flails
   560 | D:1      | Reached XP level 3. HP: 28/33 MP: 3/3
   564 | D:1      | Reached ** piety under Trog
  1198 | D:2      | Noticed Natasha
  1213 | D:2      | Killed Natasha
  1214 | D:2      | Reached XP level 4. HP: 41/41 MP: 4/4
  1304 | D:2      | Found a faded altar of an unknown god.
  1587 | D:2      | Noticed Natasha
  1602 | D:2      | Killed Natasha
  2058 | D:2      | Reached XP level 5. HP: 47/47 MP: 5/5
  2262 | D:2      | Noticed Natasha
  2268 | D:2      | Killed Natasha
  2269 | D:2      | Reached skill level 5 in Maces & Flails
  2796 | D:3      | Reached *** piety under Trog
  3132 | D:3      | Noticed Terence
  3149 | D:3      | Killed Terence
  3150 | D:3      | Reached skill level 5 in Fighting
  3150 | D:3      | Reached XP level 6. HP: 44/56 MP: 6/6
  3467 | D:4      | Found a staircase to the Ecumenical Temple.
  3766 | D:4      | Noticed Menkaure
  3810 | D:4      | Noticed a water moccasin
  3838 | D:4      | Killed a water moccasin
  3839 | D:4      | Reached skill level 6 in Maces & Flails
  4044 | D:4      | Reached XP level 7. HP: 51/61 MP: 7/7
  4177 | D:4      | Reached skill level 7 in Maces & Flails
  4376 | D:4      | HP: 1/62 [Menkaure (10)]
  4380 | D:4      | Killed from afar by Menkaure

Illustrated notes

Levels and vault maps discovered:
D:1:      minmay_arrival_plants_in_alcoves, layout_basic
D:2:      minmay_razor_zed, layout_basic,
          dreamdust_ecumenical_altar_hidden_monk_grotto, uniq_natasha
D:3:      layout_basic, uniq_terence
D:4:      layout_basic, temple_fountains, uniq_menkaure

Skill      XL: |  1  2  3  4  5  6  7 |
---------------+----------------------+-----
Fighting       | 4 5 |  5.9
Maces & Flails | 4 5 6 7 |  7.0
Armour         | 3 4 |  4.7
Dodging        | |  1.5

Action                   |  1- 3 |  4- 6 |  7- 9 || total
-------------------------+-------+-------+-------++-------
Melee: Spear             |    79 |   158 |       ||   237
       Mace              |     3 |     2 |    33 ||    38
Throw: Dart              |       |     3 |     3 ||     6
Invok: Berserk           |     1 |     3 |     2 ||     6
       Trog's Hand       |       |       |     1 ||     1
  Use: Scroll            |       |     7 |       ||     7
Armor: Chain mail        |    46 |       |       ||    46
       Ring mail         |       |    68 |    14 ||    82
Dodge: Dodged            |    36 |    97 |    17 ||   150

Table legend: (Time is in decaauts)
 A = Elapsed time spent in this place.
 B = Non-inter-level travel time spent in this place.
 C = Inter-level travel time spent in this place.
 D = Time resting spent in this place.
 E = Time spent auto-exploring this place.
 F = Levels seen in this place.
 G = Mean time per level.
                   A        B        C        D        E       F      G
               +--------+--------+--------+--------+--------+-----+--------+
         Total |   4463 |   4435 |     28 |    687 |   2524 |   4 | 1115.8 |
       Dungeon |   4463 |   4435 |     28 |    687 |   2524 |   4 | 1115.8 |
               +--------+--------+--------+--------+--------+-----+--------+

Top non-repeatable levels by time:
     D:2: 1384 daAuts
     D:1: 1099 daAuts
     D:3: 1081 daAuts
     D:4: 897 daAuts
